 Dungeon Crawl Stone Soup version 0.23.1 (webtiles) character file.

Game seed: 0

1393 esteth the Caller (level 8, -11/46 HPs)
             Began as an Octopode Wizard on Mar 10, 2019.
             Was a Follower of Vehumet.
             Mangled by an ogre
             ... wielding a +0 giant club
              (30 damage)
             ... on level 5 of the Dungeon.
             The game lasted 00:23:18 (8113 turns).

esteth the Caller (Octopode Wizard)                 Turns: 8113, Time: 00:23:18

Health: -11/46     AC:  1    Str:  5 (6)  XL:     8   Next: 68%
Magic:  8/16       EV: 13    Int: 20 (22) God:    Vehumet [*.....]
Gold:   251        SH:  0    Dex: 11      Spells: 8/17 levels left

rFire    . . .     SeeInvis .   u - +2 trident (venom)
rCold    + . .     Gourm    .   (no shield)
rNeg     . . .     Faith    .   a - +0 hat
rPois    +         Spirit   .   (no amulet)
rElec    .         Reflect  .   g - ring of protection from magic
rCorr    .         Harm     .   l - +3 ring of slaying
MR       +....                  s - ring of protection from cold
Stlth    ++++......             x - ring of poison resistance
HPRegen  0.15/turn              (no ring)
MPRegen  0.15/turn              (no ring)
                                (no ring)
                                (no ring)

@: no status effects
A: almost no armour, stealthy swim, amphibious, 8 rings, constrict 8, camouflage
1, gelatinous body 1
a: Renounce Religion


You were on level 5 of the Dungeon.
You worshipped Vehumet.
Vehumet was aware of your devotion.
You were not hungry.

You visited 2 branches of the dungeon, and saw 6 of its levels.
You also visited: Sewer.

You collected 251 gold pieces.

Inventory:

Hand Weapons
 d - a +0 dagger
 u - a +2 trident of venom (weapon)
Armour
 a - a +0 hat (worn)
Jewellery
 g - a ring of protection from magic (left tentacle)
 l - a +3 ring of slaying (right tentacle)
 s - a ring of protection from cold (on tentacle)
 x - a ring of poison resistance (on tentacle)
Wands
 n - a wand of random effects (12)
 v - a wand of iceblast (12)
Scrolls
 b - 2 scrolls of fog {unknown}
 e - a scroll of fear {unknown}
 h - 5 scrolls of identify
 i - 4 scrolls of remove curse {unknown}
 p - a scroll of teleportation
 t - a scroll of blinking
 y - a scroll of immolation {unknown}
Potions
 f - 3 potions of haste
 j - a potion of mutation {unknown}
 k - 4 potions of flight
 m - a potion of ambrosia {unknown}
 o - 4 potions of curing
 q - a potion of degeneration
 r - a potion of agility {unknown}
 z - 4 potions of heal wounds
Comestibles
 c - 9 rations
 w - 5 chunks of flesh


   Skills:
 - Level 2.4 Dodging
 - Level 5.3 Stealth
 - Level 5.4 Spellcasting
 - Level 5.3 Conjurations
 + Level 6.3 Summonings
   Level 1.0 Translocations


You had 8 spell levels left.
You knew the following spells:

 Your Spells              Type           Power        Failure   Level  Hunger
a - Magic Dart            Conj           ####         1%          1    None
b - Call Imp              Summ           ####....     1%          2    None
c - Conjure Flame         Conj/Fire      ###.....     11%         3    ##.....
d - Mephitic Cloud        Conj/Pois/Air  ##......     16%         3    ##.....

Your spell library contained the following spells:

 Spells                   Type           Power        Failure   Level  Hunger
 Flame Tongue             Conj/Fire      ###..        3%          1    None
 Blink                    Tloc           N/A          11%         2    None
 Slow                     Hex            #.......     17%         2    None


Dungeon Overview and Level Annotations

Branches:
Dungeon (5/15)             Temple (1/1) D:4

Altars:
Ashenzari
Dithmenos
Elyvilon
Hepliaklqana
Kikubaaqudgha
Okawaru
Qazlal
Ru
Trog
Uskayaw
Vehumet
Wu Jian
Yredelemnul
Zin
The Shining One


Innate Abilities, Weirdness & Mutations

You cannot wear most types of armour.
You are very stealthy in the water. (Stealth+)
You are amphibious.
You can wear up to eight rings at the same time.
You can use your tentacles to constrict eight enemies at once.
Your skin changes colour to match your surroundings (Stealth+).
Your rubbery body absorbs attacks. (AC +1, EV +1)


Message History

Confirm with . or Enter, or press ? or * to list all spells.
A beastly little devil appears in a puff of flame.
Casting: Call Imp (safe; 1% risk of failure)
Confirm with . or Enter, or press ? or * to list all spells.
A beastly little devil appears in a puff of flame.
You swap places.
Your crimson imp disappears in a puff of smoke!
Your crimson imp closely misses the ogre.
You see here a jackal corpse.
Your shadow imp disappears in a puff of smoke!
You see here a jackal corpse.
Attack whom?
Press: ? - help, Dir - move target cursor, f - ogre
Aim: an ogre, wielding a +0 giant club You reach to attack!
You hit the ogre but do no damage.
The ogre is poisoned.
Your crimson imp blinks!
Your crimson imp hits the ogre. x2
The ogre hits you with a +0 giant club!!
Ouch! That really hurt!
You die...

#......# #..(
########.....# #..<
#.....##.....# ##'#
#......#.....# ##..
#......#.....# #...
#......#.....# #...
#†....##.....# #...
##'#####.....# ##..
#....@†......# ##.^
#....O5......# #...
#...§.5§....########..
#...§.§.....##....##..
#.................'...
#................(##..
#.5.(.............##..
#.....##...........'..
#.....##....##....##..


You could see an ogre and 3 friendly crimson imps.

Vanquished Creatures
  Grinder (D:3)
  An ogre (D:4)
  A centaur (D:5)
  A jelly (D:5)
  An orc priest (D:4)
  3 hounds
  A centaur skeleton (D:4)
  An orc wizard (D:4)
  2 iguanas
  2 hound skeletons (D:5)
  8 adders
  A gnoll (D:4)
  A river rat (D:3)
  5 oozes
  3 worms (Sewer)
  A dart slug (D:2)
  7 leopard geckos
  14 orcs
  2 ball pythons
  3 giant cockroaches
  9 goblins
  6 hobgoblins
  7 jackals
  7 kobolds
  2 quokkas
  A ball python skeleton (D:4)
  13 bats
  5 frilled lizards
  A leopard gecko skeleton (D:4)
  7 rats
  A plant (D:4)
118 creatures vanquished.

Vanquished Creatures (collateral kills)
  Sigmund (D:3)
  An orc warrior (D:4)
  A necrophage (D:5)
  An ogre (D:5)
  A howler monkey (D:5)
  2 crimson imps
  An orc priest (D:4)
  A centaur skeleton (D:5)
  An iguana (D:4)
  2 orc wizards (D:4)
  5 worker ants
  Ijyb (D:4)
  6 gnolls
  2 adders
  3 oozes (Sewer)
  2 worms
  A leopard gecko (D:4)
  6 orcs
  6 jackals
  A quokka (D:4)
  A ball python (D:4)
  A frilled lizard (Sewer)
47 creatures vanquished.

Vanquished Creatures (others)
  A plant (D:4)
1 creature vanquished.

Grand Total: 166 creatures vanquished

Notes
Turn   | Place    | Note
-------+----------+-------------------------------------------
     0 | D:1      | esteth the Octopode Wizard began the quest for the Orb.
     0 | D:1      | Reached XP level 1. HP: 11/11 MP: 4/4
    83 | D:1      | Reached XP level 2. HP: 3/17 MP: 0/6
   864 | D:1      | Reached XP level 3. HP: 21/21 MP: 4/7
  1749 | D:2      | Learned a level 2 spell: Call Imp
  1854 | D:2      | Reached XP level 4. HP: 27/27 MP: 9/9
  2046 | D:3      | Noticed Grinder
  2096 | D:3      | Killed Grinder
  2096 | D:3      | Reached skill level 5 in Stealth
  2096 | D:3      | Reached skill level 2 in Summonings
  2096 | D:3      | Reached XP level 5. HP: 19/31 MP: 2/11
  2096 | D:3      | Reached XP level 6. HP: 22/36 MP: 2/12
  2446 | D:3      | Found a glowing drain.
  2451 | Sewer    | Entered a sewer
  3429 | D:3      | Noticed Sigmund
  3437 | D:3      | Killed Sigmund
  3437 | D:3      | Reached XP level 7. HP: 20/41 MP: 5/14
  3602 | D:3      | Learned a level 3 spell: Conjure Flame
  3606 | D:3      | Learned a level 3 spell: Mephitic Cloud
  4107 | D:4      | Reached skill level 5 in Spellcasting
  4321 | D:4      | HP: 2/41 [orc warrior/javelin (21)]
  5612 | D:4      | Noticed Ijyb
  5626 | D:4      | Killed Ijyb
  5855 | D:4      | Reached skill level 5 in Conjurations
  5891 | D:4      | Reached XP level 8. HP: 46/46 MP: 13/16
  5997 | D:4      | Reached skill level 3 in Summonings
  6354 | D:4      | Found a staircase to the Ecumenical Temple.
  6369 | Temple   | Entered the Ecumenical Temple
  6593 | Temple   | Became a worshipper of Vehumet
  6843 | D:5      | Entered Level 5 of the Dungeon
  6899 | D:5      | Reached skill level 4 in Summonings
  7576 | D:5      | Reached skill level 5 in Summonings
  7854 | D:5      | Reached skill level 6 in Summonings
  8106 | D:5      | Reached * piety under Vehumet
  8106 | D:5      | Offered knowledge of Flame Tongue by Vehumet.
  8113 | D:5      | Mangled by an ogre

Skill      XL: |  1  2  3  4  5  6  7  8 |
---------------+-------------------------+-----
Stealth        | 3 5 |  5.3
Conjurations   | 2 3 5 |  5.3
Spellcasting   | 4 5 |  5.4
Summonings     | 2 6 |  6.3
Dodging        | |  2.4
Translocations | |  1.0

Action                   |  1- 3 |  4- 6 |  7- 9 || total
-------------------------+-------+-------+-------++-------
Melee: Unarmed           |    11 |       |       ||    11
       Tentacles         |     7 |    10 |    16 ||    33
       Constrict         |    12 |    13 |    25 ||    50
       Dagger            |    40 |    85 |    43 ||   168
       Trident           |       |       |    83 ||    83
 Cast: Magic Dart        |    58 |    46 |    47 ||   151
       Call Imp          |       |    18 |    90 ||   108
  Use: Scroll            |     6 |     2 |     3 ||    11
       Potion            |       |       |     4 ||     4
 Stab: Sleeping          |     4 |     6 |     4 ||    14
  Eat: Chunk             |     3 |     5 |    11 ||    19
       Ration            |       |       |     1 ||     1
Armor: Skin              |    14 |     9 |     7 ||    30
Dodge: Dodged            |    61 |    68 |   101 ||   230
